 Dungeon Crawl Stone Soup version 0.30-a0-618-gd6c86c23d0 (webtiles) character file.

Game seed: 17962411572477001507

2252 Newt the Trooper (level 9, -3/111 HPs)
             Began as a Demonspawn Gladiator on Jan 9, 2023.
             Was an Initiate of Gozag.
             Slain by an orc warrior
             ... wielding a +0 glaive
              (8 damage)
             ... in a bailey.
             The game lasted 00:08:50 (7322 turns).

Newt the Trooper (Demonspawn Gladiator)             Turns: 7322, Time: 00:08:51

Health: -3/111     AC: 24    Str: 24    XL:     9   Next: 15%
Magic:  9/9        EV:  2    Int: 10    God:    Gozag
Gold:   1060       SH:  0    Dex: 15    Spells: 8/8 levels left

rFire   . . .      SeeInvis .    a - +1 rapier (vamp)
rCold   . . .      Faith    .    (no shield)
rNeg    . . .      Spirit   .    (body armour currently unavailable)
rPois   +          Reflect  .    (helmet currently unavailable)
rElec   .          Harm     .    (cloak currently unavailable)
rCorr   .          Rampage  .    (gloves currently unavailable)
Will    .....      NoTele   +    (boots currently unavailable)
Stlth   ++                       (no amulet)
HPRegen 0.38/turn                v - +6 ring of strength
MPRegen 0.11/turn                (no ring)

@: tree-form, gold aura, studying Air Magic
A: stationary, stasis, torment immunity, boosted hp, (hooves 2), repulsion field
1, powered by death 1, (spiny 1)
a: Renounce Religion, Potion Petition, Call Merchant, Bribe Branch


You were in a bailey.
You worshipped Gozag.
Gozag was most pleased with you.
You were a tree.
You visited 1 branch of the dungeon, and saw 8 of its levels.
You also visited: Bailey.

You collected 1147 gold pieces.
You spent 87 gold pieces at shops.

Inventory:

Hand Weapons
 a - a +1 vampiric rapier (weapon)
Missiles
 d - a throwing net
 h - 9 boomerangs (quivered)
 k - 41 poisoned darts
Armour
 b - a +0 leather armour (melded)
 c - a +0 helmet (melded)
 q - a +1 cloak (melded)
Jewellery
 v - a +6 ring of strength (left branch)
Wands
 w - a wand of polymorph (9)
 y - a wand of paralysis (6)
 z - a wand of flame (15)
 A - a wand of digging (5)
 C - a wand of quicksilver (17)
Scrolls
 i - 4 scrolls of teleportation
 j - 2 scrolls of blinking
 l - 2 scrolls of poison
 B - 2 scrolls of silence
Potions
 e - 4 potions of lignification
 m - 3 potions of flight
 n - a potion of mutation
 o - 3 potions of haste
 p - 2 potions of resistance
 r - a potion of cancellation
 t - a potion of brilliance
 u - a potion of ambrosia
 x - a potion of magic


   Skills:
 + Level 7.8 Fighting
 - Level 2.6 Short Blades
 - Level 7.0 Throwing
 - Level 4.0 Armour
 - Level 4.0 Dodging
 - Level 2.0 Stealth


You had 8 spell levels left.
You didn't know any spells.
Your spell library contained the following spells:

 Spells                   Type           Power      Damage    Failure   Level
 Necrotise                Necr           0%         1d4       36%         1
 Summon Small Mammal      Summ           0%         N/A       36%         1
 Call Canine Familiar     Summ           0%         N/A       75%         3
 Summon Guardian Golem    Hex/Summ       0%         N/A       75%         3
 Vampiric Draining        Necr           0%         2d6       75%         3
 Cause Fear               Hex            0%         N/A       98%         4
 Agony                    Necr           0%         N/A       100%        5
 Summon Forest            Summ/Tloc      0%         N/A       100%        5
 Summon Mana Viper        Hex/Summ       0%         N/A       100%        5
 Summon Cactus Giant      Summ           0%         N/A       100%        6
 Dragon Form              Tmut           0%         N/A       100%        7
 Dragon's Call            Summ           0%         N/A       100%        9


Dungeon Overview and Level Annotations

Branches:
Dungeon (8/15)             Temple (0/1) D:4          Bailey (1/1)
   Lair: D:8-11

Altars:
Gozag

Shops:
D:4 *


Innate Abilities, Weirdness & Mutations

You are a tree.
Your roots penetrate the ground, keeping you stationary.
You cannot be teleported.
You are immune to unholy pain and torment.
Your maximum health is greatly increased.
Your equipment is partially melded.
((You have hoof-like feet.))
You are surrounded by a mild repulsion field. (EV +2)
You regenerate a little health from kills.
((You are partially covered in sharp spines.))


Message History

You hit the orc warrior but do no damage.
You kick the orc warrior, but do no damage.
The orc warrior is heavily wounded.
The orc warrior struggles against the net.
The orc warrior hits you from afar with a +0 glaive!
* * * LOW HITPOINT WARNING * * *
Really quaff the potion of lignification?
You turn into a tree.
Your +1 cloak melds into your body.
Your +0 helmet melds into your body.
Your +0 leather armour melds into your body.
Your roots penetrate the ground.
The orc warrior struggles against the net.
The orc is distracted by your dazzling golden aura.
The orc warrior hits you but does no damage.
You feel better.
The orc warrior struggles against the net.
The orc warrior is distracted by your dazzling golden aura.
Okay, then.
You barely miss the orc warrior.
The orc warrior is heavily wounded.
The orc warrior is no longer distracted by gold.
The orc warrior struggles against the net.
The net rips apart, and the orc warrior comes free!
The orc warrior hits you but does no damage.
The orc shouts!
You hit the orc warrior.
The orc warrior is heavily wounded.
The orc is no longer distracted by gold.
The orc warrior hits you with a +0 glaive!
* * * LOW HITPOINT WARNING * * *
The orc is distracted by your dazzling golden aura.
The orc warrior hits you but does no damage.
Aiming: Paralyse
Press: ? - help, Shift-Dir - straight line, f - orc warrior, p - orc warrior
Aim: an orc warrior, wielding a +0 glaive and wearing a +0 plate armour (moderately wounded, chance to affect: 49%)
The orc warrior resists with some effort.
The orc shouts!
The orc warrior hits you with a +0 glaive!
You die...
Your body crumbles into a pile of gold.

#.......#
#.$#o#..#
.$#8#..
$.(.$ ...
##'##
#(..#
#o..#
#♣$o#
#...#
###'###
##.....##
#.......#
#..)....#
#)......#
#.)#.#..#
#)##8##.#


You could see 2 orc warriors and an orc.

Vanquished Creatures
  Prince Ribbit (D:7)
  Sigmund (D:3)
  A steam dragon (D:7)
  Menkaure (D:4)
  2 water moccasins
  2 black bears
  An orc warrior (Bailey)
  An ice beast (D:6)
  A kobold brigand (D:8)
  A phantom (D:6)
  A bullfrog (D:6)
  3 scorpions
  2 howler monkeys
  4 hounds
  A jelly (D:8)
  3 orc priests
  Jessica (D:2)
  Ijyb (D:5)
  3 iguanas
  An orc wizard (D:6)
  3 gnolls (D:5)
  5 adders
  A worm (D:2)
  3 dart slugs
  26 orcs
  7 ball pythons
  6 endoplasms
  8 giant cockroaches
  14 goblins
  5 hobgoblins
  7 jackals
  4 quokkas
  9 bats
  4 frilled lizards
  9 kobolds
  5 rats
148 creatures vanquished.

Vanquished Creatures (others)
  5 plants
5 creatures vanquished.

Grand Total: 153 creatures vanquished

Notes
Turn   | Place    | Note
-------+----------+-------------------------------------------
     0 | D:1      | Newt the Demonspawn Gladiator began the quest for the Orb.
     0 | D:1      | Reached XP level 1. HP: 16/16 MP: 1/1
   107 | D:1      | Reached skill level 1 in Stealth
   197 | D:1      | Gained mutation: You have large cloven feet. [demonic
                  | ancestry]
   197 | D:1      | Reached XP level 2. HP: 10/22 MP: 2/2
   819 | D:2      | Reached XP level 3. HP: 27/27 MP: 3/3
   853 | D:2      | Noticed Jessica
   859 | D:2      | Killed Jessica
  1122 | D:2      | Gained mutation: You regenerate a little health from kills.
                  | [demonic ancestry]
  1122 | D:2      | Reached XP level 4. HP: 29/33 MP: 4/4
  1181 | D:2      | Found a faded altar of an unknown god.
  1355 | D:2      | Prayed at the altar of an unknown god.
  1355 | D:2      | Became a worshipper of Gozag Ym Sagoz the Greedy
  2273 | D:3      | Noticed Sigmund
  2441 | D:3      | Killed Sigmund
  2442 | D:3      | Reached skill level 5 in Throwing
  2442 | D:3      | Reached XP level 5. HP: 25/39 MP: 5/5
  2699 | D:3      | Gained mutation: You are surrounded by a mild repulsion
                  | field. (EV +2) [demonic ancestry]
  2699 | D:3      | Reached XP level 6. HP: 45/46 MP: 6/6
  3338 | D:4      | Noticed Menkaure
  3351 | D:4      | Killed Menkaure
  3745 | D:4      | Found a staircase to the Ecumenical Temple.
  3842 | D:4      | Found Fucha's Assorted Antiques.
  3847 | D:4      | Bought a black potion for 27 gold pieces
  3847 | D:4      | Bought a scroll labelled CEADUC FUTAN for 30 gold pieces
  3847 | D:4      | Bought a scroll labelled UBI DYNKONULL for 30 gold pieces
  4109 | D:5      | Entered Level 5 of the Dungeon
  4520 | D:5      | Gained mutation: You are partially covered in sharp spines.
                  | [demonic ancestry]
  4520 | D:5      | Reached XP level 7. HP: 54/54 MP: 7/7
  4616 | D:5      | Noticed Ijyb
  4632 | D:5      | Killed Ijyb
  5594 | D:6      | Reached skill level 5 in Fighting
  5611 | D:6      | Reached XP level 8. HP: 64/64 MP: 8/8
  6328 | D:7      | Found the +10 Black Knight's barding {ponderous, rPois rN+}
  6354 | D:7      | Reached skill level 1 in Armour
  6394 | D:7      | Noticed Prince Ribbit
  6406 | D:7      | Killed Prince Ribbit
  7015 | D:8      | Gained mutation: You have hoof-like feet. [demonic
                  | ancestry]
  7015 | D:8      | Reached XP level 9. HP: 70/72 MP: 9/9
  7157 | D:8      | Found a flagged portal.
  7205 | Bailey   | Entered a bailey
  7312 | Bailey   | HP: 3/74 [orc warrior/+0 glaive (14)]
  7317 | Bailey   | HP: 1/74 [orc warrior/+0 glaive (11)]
  7322 | Bailey   | Slain by an orc warrior

Illustrated notes

Levels and vault maps discovered:
D:1:      dpeg_arrival_three_smaller_balls, layout_loops_ring,
          serial_park_tiny_1
D:2:      layout_loops_corners, ebering_ecumenical_altar_hall, serial_forest,
          infiniplex_forest_straight_2, infiniplex_forest_lined_3_way,
          infiniplex_forest_lined_room_3, infiniplex_forest_clump_cross,
          infiniplex_forest_lined_room_, infiniplex_forest_clump_long,
          infiniplex_forest_clump_long, infiniplex_forest_zigzag_1,
          infiniplex_forest_lined_4_way, infiniplex_forest_lined_corner,
          uniq_jessica
D:3:      layout_basic, corexii_shack, dreamdust_wishing_well, uniq_sigmund
D:4:      layout_gridville, minmay_temple_entry_overgrown, serial_shops, shop,
          st_stairs_10, minivault_25, uniq_menkaure
D:5:      layout_loops_corners, uniq_ijyb
D:6:      layout_basic
D:7:      layout_basic, uniq_prince_ribbit1
D:8:      layout_rooms, amethyst_overflow_temple_binary, enter_bailey_5,
          chequers_serial_rivers_small_b
Bailey:   bailey_polearm_5, bailey

Skill      XL: |  1  2  3  4  5  6  7  8 |
---------------+-------------------------+-----
Stealth        | 1 2 |  2.0
Throwing       | 2 3 5 6 7 |  7.0
Fighting       | 4 5 7 |  7.8
Dodging        | 4 |  4.0
Armour         | 4 |  4.0
Short Blades   | |  2.6

Action                   |  1- 3 |  4- 6 |  7- 9 || total
-------------------------+-------+-------+-------++-------
Melee: Rapier            |    91 |   122 |   127 ||   340
       Kick              |    17 |    38 |    38 ||    93
       Punch             |     1 |     2 |       ||     3
Throw: Javelin           |     1 |     2 |     1 ||     4
       Dart              |       |     5 |       ||     5
       Throwing net      |       |     2 |     3 ||     5
       Boomerang         |       |    21 |    79 ||   100
Evoke: Wand              |       |       |     1 ||     1
  Use: Scroll            |     2 |    11 |     9 ||    22
       Potion            |       |       |     3 ||     3
 Stab: Sleeping          |     3 |     3 |     2 ||     8
       Held in net/web   |       |       |     1 ||     1
Armor: Leather armour    |    54 |    37 |    41 ||   132
       Skin              |       |       |     3 ||     3
Dodge: Dodged            |   108 |    85 |    95 ||   288

Table legend: (Time is in decaauts)
 A = Elapsed time spent in this place.
 B = Non-inter-level travel time spent in this place.
 C = Inter-level travel time spent in this place.
 D = Time resting spent in this place.
 E = Time spent auto-exploring this place.
 F = Levels seen in this place.
 G = Mean time per level.
                   A        B        C        D        E       F      G
               +--------+--------+--------+--------+--------+-----+--------+
         Total |   7340 |   7008 |    332 |   1188 |   4543 |   9 |  815.6 |
       Dungeon |   7224 |   6892 |    332 |   1186 |   4490 |   8 |  903.0 |
        Bailey |    116 |    116 |      0 |      2 |     53 |   1 |  116.0 |
               +--------+--------+--------+--------+--------+-----+--------+

Top non-repeatable levels by time:
     D:3: 1222 daAuts
     D:2: 1194 daAuts
     D:5: 1112 daAuts
     D:6: 1007 daAuts
     D:4: 889 daAuts
     D:1: 814 daAuts
     D:7: 686 daAuts
     D:8: 296 daAuts
  Bailey: 116 daAuts
